 Dungeon Crawl Stone Soup version 0.21-a0-84-g85d6d27 (webtiles) character file.

28 puppykicker the Ruffian (level 2, -2/23 HPs)
             Began as a Draconian Transmuter on June 26, 2017.
             Was a Follower of Dithmenos.
             Slain by an adder (4 damage)
             ... on level 2 of the Dungeon.
             The game lasted 00:03:58 (750 turns).

puppykicker the Ruffian (Draconian Transmuter)       Turns: 750, Time: 00:03:59

Health: -2/23      AC:  4    Str: 12    XL:     2   Next: 96%
Magic:  5/5        EV: 12    Int: 13    God:    Dithmenos [*.....]
Gold:   28         SH:  5    Dex: 11    Spells: 2/5 levels left

rFire    . . .     SeeInvis .   b - -2 hunting sling (curse)
rCold    . . .     Gourm    .   (no shield)
rNeg     . . .     Faith    .   (armour unavailable)
rPois    .         Spirit   .   (helmet restricted)
rElec    .         Reflect  +   (no cloak)
rCorr    .         Harm     .   (no gloves)
MR       .....                  (no boots)
Stlth    +.........             l - +5 amulet of reflection
HPRegen  0.07/turn              (no ring)
MPRegen  0.09/turn              (no ring)

@: lethally poisoned (-2 -> -10), wreathed by umbra
A: unfitting armour, cold-blooded, AC +4
a: Renounce Religion


You were on level 2 of the Dungeon.
You worshipped Dithmenos.
Dithmenos was aware of your devotion.
You were not hungry.

You visited 1 branch of the dungeon, and saw 2 of its levels.

You collected 28 gold pieces.


Innate Abilities, Weirdness & Mutations

Your plain brown scales are hard. (AC +4)
You cannot fit into any form of body armour.
You are cold-blooded and may be slowed by cold attacks.


   Skills:
 - Level 1.1 Fighting
 - Level 1.7 Dodging
 * Level 3.8 Unarmed Combat
 - Level 2.0 Spellcasting
 + Level 2.6 Transmutations


You had 2 spell levels left.
You knew the following spells:

 Your Spells              Type           Power        Failure   Level  Hunger
a - Beastly Appendage     Tmut           #.....       9%          1    ##.....
b - Sticks to Snakes      Tmut           #.......     13%         2    ###....

Inventory:

Hand Weapons
 b - a cursed -2 hunting sling (weapon)
Missiles
 a - 29 arrows
 e - 7 javelins
 j - 41 sling bullets (quivered)
 k - 22 bolts
Jewellery
 l - a +5 amulet of reflection (around neck)
Potions
 d - 2 potions of berserk rage
 g - a potion of lignification {!q}
Books
 f - a book of Changes
Comestibles
 c - a bread ration
 h - 3 chunks of flesh {@w1}
 i - a meat ration

Dungeon Overview and Level Annotations

Branches:
Dungeon (2/15)

Altars:
Dithmenos

≈≈≈.♣.≈≈≈≈.#
≈≈≈≈≈≈≈≈≈.≈# ..... .....
≈≈≈≈≈≈≈≈≈≈≈# .... .....
≈≈≈≈≈≈≈≈≈≈.##... ##.....
[...≈≈.≈≈≈≈#... ......
....≈≈..≈..#.. ....#
....##...#.#.####....#..
...........#....S.......
................@l...l..
.................)......
............####+######.
....†.......#
............#
............#
............+
............#
............#


You could see an adder and 2 leopard geckos.


Message History

Firing (i - inventory. (,) - cycle):
j - 45 sling bullets (quivered)
Aim: an adder (almost dead, umbra)
You shoot a sling bullet. The sling bullet misses the adder.
The adder closely misses you. x2
Unknown command.
Firing (i - inventory. (,) - cycle):
j - 44 sling bullets (quivered)
Aim: an adder (almost dead, umbra)
You shoot a sling bullet.
The sling bullet closely misses the adder.
* * * LOW HITPOINT WARNING * * *
You feel sick. The adder misses you.
The leopard gecko hisses menacingly.
The adder bites you.
* * * LOW HITPOINT WARNING * * *
You are more poisoned.
The adder poisons you!
A leopard gecko comes into view.
Firing (i - inventory. (,) - cycle):
j - 43 sling bullets (quivered)
Aim: an adder (almost dead, umbra)
You shoot a sling bullet.
The sling bullet closely misses the adder.
The leopard gecko hisses angrily.
* * * LOW HITPOINT WARNING * * *
You feel sick. You block the adder's attack.
Firing (i - inventory. (,) - cycle):
j - 42 sling bullets (quivered)
Aim: an adder (almost dead, umbra)
You shoot a sling bullet. The sling bullet misses the adder.
* * * LOW HITPOINT WARNING * * *
You feel sick. The adder bites you.
You die...

Action                   || total
-------------------------++-------
 Fire: Hunting sling     ||    49
Throw: Javelin           ||    23
  Use: Scroll            ||     6
Armor: Skin              ||     4
Dodge: Dodged            ||    27
Block: Other             ||     3

Vault maps used:
D:1:      dpeg_arrival_arbitrary_a, minmay_misc_feat_pillars
D:2:      chequers_ecumenical_altar_island, kennysheep_generic_room_9

Notes
Turn   | Place    | Note
-------+----------+-------------------------------------------
     0 | D:1      | puppykicker the Draconian Transmuter began the quest for the Orb.
     0 | D:1      | Reached XP level 1. HP: 16/16 MP: 3/3
   281 | D:1      | Reached XP level 2. HP: 23/23 MP: 5/5
   295 | D:1      | Learned a level 2 spell: Sticks to Snakes
   693 | D:2      | Found a faded altar of an unknown god.
   701 | D:2      | Became a worshipper of Dithmenos the Shadowed
   701 | D:2      | Reached * piety under Dithmenos
   750 | D:2      | HP: 2/23 [poisoned by an adder]
   750 | D:2      | Slain by an adder

Vanquished Creatures
  An ooze (D:1)
  4 dart slugs
  2 bats (D:1)
  2 giant cockroaches (D:1)
  2 goblins
  A hobgoblin (D:1)
  3 frilled lizards (D:1)
  A rat (D:1)
16 creatures vanquished.
